 Dungeon Crawl Stone Soup version 0.21.1-1-g345015f (webtiles) character file.

107864 Mirai the Severer (level 16, 0/217 HPs)
             Began as a Minotaur Fighter on Mar 9, 2018.
             Was the Champion of Okawaru.
             Slain by a snapping turtle (6 damage)
             ... on level 4 of the Shoals.
             The game lasted 01:26:27 (27079 turns).

Mirai the Severer (Minotaur Fighter)               Turns: 27079, Time: 01:26:28

Health: 0/217      AC: 28    Str: 31    XL:     16   Next: 1%
Magic:  0/21       EV:  2    Int:  7    God:    Okawaru [******]
Gold:   2179       SH:  0    Dex: 17    Spells: 15/15 levels left

rFire    . . .     SeeInvis .   C - +11 war axe "Qeffestron" {venom, Str+3 Dex+4}
rCold    . . .     Gourm    .   c - +1 shield
rNeg     + + +     Faith    .   (armour currently unavailable)
rPois    +         Spirit   +   (helmet unavailable)
rElec    .         Reflect  .   (cloak currently unavailable)
rCorr    .         Harm     .   (gloves currently unavailable)
MR       ++...     NoTele   +   (boots currently unavailable)
Stlth    +.........             K - amulet of guardian spirit
HPRegen  0.46/turn              i - +3 ring of evasion
MPRegen  0.17/turn              J - ring of protection from magic

@: confused, mighty, tree-form, heroism, very slightly contaminated, drained,
invisible, very slow
A: (retaliatory headbutt), blurry vision 1, clever 1, clumsy 1
a: Heroism, Finesse, Renounce Religion


You were on level 4 of the Shoals.
You worshipped Okawaru.
Okawaru was exalted by your worship.
You were not hungry.
You were a tree.
You visited 4 branches of the dungeon, and saw 24 of its levels.

You collected 2605 gold pieces.
You spent 426 gold pieces at shops.

Inventory:

Hand Weapons
 b - the +3 lajatang "Lisun" {flame, *Slow +Fly rElec Int+4}
   (Okawaru gifted it to you on level 11 of the Dungeon)

   It has been specially enchanted to burn those struck by it, causing extra
   injury to most foes and up to half again as much damage against particularly
   susceptible opponents.
   Big, fiery blades are also staple armaments of hydra-hunters.
   It affects your intelligence (+4).
   It insulates you from electricity.
   It lets you fly.
   It may slow you when you take damage.
 C - the +11 war axe "Qeffestron" (weapon) {venom, Str+3 Dex+4}
   (Okawaru gifted it to you on level 2 of the Shoals)

   It poisons the flesh of those it strikes.
   It affects your strength (+3).
   It affects your dexterity (+4).
 O - the +9 lajatang "Iwymeh" {drain, *Drain MP+9 Int+4, unknown}
   (Okawaru gifted it to you on level 3 of the Shoals)

   A truly terrible weapon, it drains the life of those it strikes.
   It affects your intelligence (+4).
   It affects your magic capacity (+9).
   It causes draining when unequipped.
 S - a +2 hand crossbow of velocity
Armour
 c - a +1 shield (worn)
 s - a +2 pair of boots of flying (melded)
 F - the +1 chain mail "Bataytuc" {*Slow rElec Str+3 Dex+3}
   (You found it on level 6 of the Dungeon)

   It affects your strength (+3).
   It affects your dexterity (+3).
   It insulates you from electricity.
   It may slow you when you take damage.
 H - +0 ice dragon scales
 N - a +1 pair of gloves (melded)
 P - a +2 scale mail of poison resistance (melded)
 T - a scarf of cloud immunity (melded)
 W - +0 fire dragon scales
Jewellery
 a - an uncursed ring of flight
 i - a +3 ring of evasion (left branch)
 m - the ring "Irodgheax" {rC+ EV+1 Str+4 Int-3 Stlth+, unknown}
   (You found it on level 3 of the Shoals)

   [ring of evasion]

   It affects your evasion (+1).
   It affects your strength (+4).
   It affects your intelligence (-3).
   It protects you from cold.
   It makes you more stealthy.
 n - an uncursed ring of protection from magic
 t - an uncursed ring of protection from cold
 J - a ring of protection from magic (right branch)
 K - an amulet of guardian spirit (around neck)
Wands
 g - a wand of acid (5)
 l - a wand of iceblast (10)
 y - a wand of flame (15)
 z - a wand of disintegration (28)
 A - a wand of scattershot (3)
 G - a wand of clouds (7)
 M - a wand of polymorph (11)
 Q - a wand of paralysis (9)
 V - a wand of random effects (60)
 X - a wand of digging (40)
Scrolls
 e - a scroll of fog
 h - 4 scrolls of magic mapping
 q - 15 scrolls of identify
 r - 4 scrolls of amnesia
 u - 2 scrolls of fear
 v - 3 scrolls of teleportation
 x - 6 scrolls of remove curse
 B - 3 scrolls of blinking
Potions
 d - a potion of might
 j - 11 potions of curing
 k - 3 potions of mutation
 o - 5 potions of brilliance
 p - 2 potions of flight
 w - 3 potions of lignification
 I - 3 potions of agility
 L - 2 potions of invisibility
 R - a potion of ambrosia
 U - 2 potions of resistance
 Z - a potion of berserk rage
Books
 D - a book of Cantrips

   Spells                             Type                      Level
   a - Confusing Touch                Hexes                        1
   b - Animate Skeleton               Necromancy                   1
   c - Summon Small Mammal            Summoning                    1
   d - Apportation                    Translocation                1
Comestibles
 f - 27 rations
 E - 12 chunks of flesh


   Skills:
 + Level 13.8(18.1) Fighting
 - Level 18.0(22.2) Axes
 - Level 4.0(8.4) Staves
 + Level 12.2(16.5) Armour
 * Level 13.8(18.1) Dodging
 + Level 14.0(18.3) Shields
 - Level 8.1(7.6) Invocations


You had 15 spell levels left.
You didn't know any spells.

Dungeon Overview and Level Annotations

Branches:
Dungeon (12/15)            Temple (0/1) D:4            Lair (6/6) D:11
 Shoals (4/4) Lair:3        Snake (0/4) Lair:4        Slime (0/5) Lair:6
    Orc (2/2) D:11            Elf (0/3) Orc:2

Altars:
Cheibriados
Dithmenos
Nemelex Xobeh
Okawaru
Qazlal
Ru
Vehumet
The Shining One

Shops:
D:4 (   D:9 (   D:10 (   Orc:1 [   Orc:2 (:%*

Portals:
Pandemonium: Orc:2

Annotations:
D:8 Maurice
Lair:1 exclusion: oklob plant
Shoals:4 Ilsuiw


Innate Abilities, Weirdness & Mutations

((You reflexively headbutt those who attack you in melee.))
((You have a pair of large horns on your head.))
Scrolls take you a little longer to read.
Your mind is acute. (Int +2)
You are clumsy. (Dex -2)


Message History

You cannot move. (Use ctrl+direction to attack without moving.)
You cannot move. (Use ctrl+direction to attack without moving.)
You cannot move. (Use ctrl+direction to attack without moving.)
You cannot move. (Use ctrl+direction to attack without moving.)
You cannot move. (Use ctrl+direction to attack without moving.) Unknown command.
Evoke which item? (* to show all) (? for menu, Esc to quit)
You're too confused!
Unknown command.
You feel very mighty all of a sudden.
The wind drake hisses angrily.
The merfolk aquamancer hits you but does no damage.
The merfolk avatar is engulfed in noxious fumes.
The merfolk avatar chants a haunting song.
You resist. The wind drake flaps its wings at you.
The air twists around and strikes you!
* * * LOW HITPOINT WARNING * * *
The snapping turtle bites you from afar!
You die...

#.... .. .... ##... ≈##
.... #.... ≈≈ ..... #...
≈. #...... #... .#
#...≈....###..≈
.#≈m§≈≈≈...#...≈≈
..######m§§§≈≈≈.......≈≈
.....t≈♣§§m§≈≈≈≈....≈≈≈÷
......≈≈≈§§m≈≈≈≈..≈.≈≈≈≈
#....≈≈≈≈m≈§≈≈k≈≈≈≈.≈...
#....≈≈≈≈≈≈≈≈≈≈≈≈≈≈P≈...
#...≈≈≈≈≈≈≈≈≈≈≈≈≈≈≈≈≈≈.≈
#%..≈≈≈≈≈≈≈≈≈≈≈≈≈≈≈≈≈≈≈≈
#...≈≈≈≈≈≈≈≈≈≈≈≈≈≈≈≈≈≈≈≈
#...≈≈≈≈≈≈≈≈≈≈≈≈≈≈≈≈PP≈P
≈≈≈≈≈≈≈.≈P


You could see a merfolk avatar, a merfolk impaler (confused), a merfolk
aquamancer, a snapping turtle, a wind drake, a merfolk (confused) and a merfolk
siren (confused).

Vanquished Creatures
  Gastronok (Lair:2)
  2 krakens
  Kirke (Lair:4)
  3 merfolk javelineers
  Josephine (Lair:4)
  10 merfolk impalers
  A fire dragon (Lair:6)
  Erolcha (Orc:2)
  An ice dragon (Lair:6)
  2 merfolk aquamancers
  An alligator snapping turtle (Shoals:2)
  2 merfolk avatars
  5 hydras
  2 two-headed ogres
  3 satyrs
  4 orc high priests (Orc:2)
  3 sun demons (Orc:2)
  2 gelid demonspawn (Orc:2)
  9 sea snakes
  2 lindwurms (Lair:6)
  6 orc knights
  19 harpies (Shoals:1)
  A swamp dragon (Lair:6)
  3 manticores
  8 orc sorcerers (Orc:2)
  10 fauns
  4 cyclopes
  3 merfolk sirens
  4 water nymphs
  8 spiny frogs
  5 torpor snails (Lair:6)
  2 orange demons (Orc:2)
  4 rime drakes
  6 komodo dragons
  17 merfolk
  A red devil (Orc:2)
  4 wind drakes
  3 tyrant leeches (Lair:6)
  9 trolls
  6 blink frogs
  9 hornets (Lair:6)
  12 hippogriffs
  5 snapping turtles
  2 slime creatures
  The ghost of Spoonicorn the Skirmisher, an amateur OgBe of Trog (D:4)
  27 yaks
  A shadow (D:7)
  The ghost of
  1994 the Grave Robber, an amateur DENe (D:5)
  A vampire (D:7)
  5 water elementals
  4 wraiths (Lair:4)
  4 wyverns
  4 hogs (Lair:4)
  A basilisk (Lair:4)
  A chaos spawn (Orc:2)
  3 nagas (Lair:4)
  4 steam dragons
  5 wargs
  15 water moccasins
  A swamp drake (Lair:6)
  8 porcupines
  3 ice beasts
  3 black bears
  39 orc warriors
  3 phantoms
  11 ogres
  8 wolves
  10 centaurs
  11 crocodiles
  8 big kobolds
  3 gnoll sergeants (D:11)
  20 bullfrogs
  6 scorpions
  A killer bee (D:7)
  4 electric eels
  8 wights
  5 jellies
  3 howler monkeys
  5 crimson imps
  9 hounds
  15 orc wizards
  3 centaur zombies
  28 orc priests
  3 bullfrog skeletons
  A centaur skeleton (D:10)
  5 iguanas
  Jessica (D:2)
  9 worker ants
  A hound zombie (D:5)
  A hound skeleton (D:7)
  A howler monkey zombie (D:11)
  11 adders
  3 gnolls (Orc:2)
  A howler monkey skeleton (D:5)
  5 shadow imps
  An ooze (D:2)
  3 adder zombies
  An adder skeleton (D:4)
  A worm (D:5)
  A dart slug (D:5)
  A leopard gecko (D:2)
  86 orcs
  3 ball pythons
  12 bats
  2 giant cockroaches
  6 goblins
  10 hobgoblins
  13 jackals
  24 kobolds
  3 quokkas
  8 frilled lizards
  2 leopard gecko skeletons
  2 quokka skeletons (D:4)
  8 rats
  2 fungi
  26 plants
  3 tentacles
759 creatures vanquished.

Vanquished Creatures (others)
  13 fungi
  31 plants
  5 tentacles
49 creatures vanquished.

Grand Total: 808 creatures vanquished

Notes
Turn   | Place    | Note
-------+----------+-------------------------------------------
     0 | D:1      | Mirai the Minotaur Fighter began the quest for the Orb.
     0 | D:1      | Reached XP level 1. HP: 19/19 MP: 0/0
   119 | D:1      | Reached XP level 2. HP: 26/27 MP: 1/1
   565 | D:1      | Reached skill level 3 in Axes
   902 | D:2      | Reached XP level 3. HP: 29/33 MP: 2/2
   905 | D:2      | Reached skill level 1 in Dodging
   969 | D:2      | Noticed Jessica
   979 | D:2      | Killed Jessica
   979 | D:2      | Reached XP level 4. HP: 22/40 MP: 3/3
  1177 | D:2      | Reached skill level 4 in Axes
  1242 | D:2      | Found an iron altar of Okawaru.
  1247 | D:2      | Became a worshipper of Warmaster Okawaru
  1584 | D:3      | Found a stormy altar of Qazlal.
  1956 | D:4      | Reached XP level 5. HP: 41/46 MP: 4/4
  1996 | D:4      | Found Goidac's Antique Weapon Shop.
  2006 | D:4      | Bought a runed hand axe for 156 gold pieces
  2105 | D:4      | Found a staircase to the Ecumenical Temple.
  2156 | D:4      | Noticed Spoonicorn's ghost (amateur OgBe)
  2164 | D:4      | Reached skill level 5 in Axes
  2164 | D:4      | Reached XP level 6. HP: 31/53 MP: 5/5
  2174 | D:4      | Killed Spoonicorn's ghost
  2174 | D:4      | Reached * piety under Okawaru
  2174 | D:4      | Reached skill level 5 in Armour
  2447 | D:4      | Found a sacrificial altar of Ru.
  2647 | D:4      | Reached XP level 7. HP: 51/60 MP: 6/6
  3047 | D:5      | Entered Level 5 of the Dungeon
  3096 | D:5      | Reached skill level 6 in Axes
  3096 | D:5      | Reached skill level 5 in Shields
  3216 | D:5      | Learned a level 1 spell: Animate Skeleton
  3250 | D:5      | Found a sparkling altar of Nemelex Xobeh.
  3250 | D:5      | Found a glowing golden altar of the Shining One.
  3314 | D:5      | Reached ** piety under Okawaru
  3314 | D:5      | Reached skill level 5 in Fighting
  3599 | D:5      | Noticed 1994's ghost (amateur DENe)
  3610 | D:5      | Killed 1994's ghost
  3610 | D:5      | Reached skill level 7 in Axes
  3610 | D:5      | Reached XP level 8. HP: 58/68 MP: 7/7
  3855 | D:5      | Found a snail-covered altar of Cheibriados.
  4064 | D:5      | Gained mutation: Scrolls take you a little longer to read. [potion of mutation]
  4064 | D:5      | Gained mutation: You are clumsy. (Dex -2) [potion of mutation]
  4064 | D:5      | Gained mutation: You have a pair of large horns on your head. [potion of mutation]
  4064 | D:5      | Gained mutation: Your mind is acute. (Int +2) [potion of mutation]
  4407 | D:6      | Reached skill level 5 in Dodging
  4728 | D:6      | Got a distressingly furry chain mail
  4753 | D:6      | Identified the cursed +1 chain mail "Bataytuc" {*Slow rElec Str+3 Dex+3} (You found it on level 6 of the Dungeon)
  4816 | D:6      | Found a radiant altar of Vehumet.
  4824 | D:6      | Reached skill level 8 in Axes
  5222 | D:7      | Reached *** piety under Okawaru
  5447 | D:7      | Found a shadowy altar of Dithmenos.
  5613 | D:7      | Found a runed door.
  5613 | D:7      | Found a runed door.
  5657 | D:7      | Reached skill level 9 in Axes
  5657 | D:7      | Reached XP level 9. HP: 71/75 MP: 8/8
  5683 | D:7      | Noticed a cyclops
  5683 | D:7      | Noticed a troll
  5695 | D:7      | Killed a troll
  5701 | D:7      | Killed a cyclops
  5701 | D:7      | Reached skill level 10 in Axes
  5712 | D:7      | Reached **** piety under Okawaru
  6053 | D:7      | Identified Bon Nes's Volume of the Volcanoes
  6939 | D:8      | Noticed Maurice
  7336 | D:8      | Noticed a troll
  7342 | D:8      | Killed a troll
  7364 | D:8      | Noticed a two-headed ogre
  7369 | D:8      | Killed a two-headed ogre
  7369 | D:8      | Reached ***** piety under Okawaru
  7369 | D:8      | Reached skill level 11 in Axes
  7369 | D:8      | Reached XP level 10. HP: 69/84 MP: 9/9
  7846 | D:9      | Reached skill level 1 in Invocations
  7926 | D:9      | Found Mysorgh's Antique Weapon Shop.
  8008 | D:9      | Received a gift from Okawaru
  8314 | D:10     | Entered Level 10 of the Dungeon
  8314 | D:10     | Found Tise's Antique Weapon Boutique.
  8431 | D:10     | Noticed a two-headed ogre
  8442 | D:10     | Killed a two-headed ogre
  8519 | D:10     | Reached skill level 12 in Axes
  9071 | D:11     | Noticed a cyclops
  9087 | D:10     | Reached XP level 11. HP: 50/93 MP: 7/12
  9407 | D:11     | Found a staircase to the Lair.
  9446 | D:11     | Received a gift from Okawaru
  9449 | D:11     | Got a faintly glowing hand crossbow {god gift}
 10123 | D:11     | Found a staircase to the Orcish Mines.
 10218 | D:11     | Reached skill level 13 in Axes
 10869 | D:12     | Reached skill level 5 in Invocations
 11164 | D:11     | Identified the +8 hand crossbow of Okawaru {elec, Dex+3} (Okawaru gifted it to you on level 11 of the Dungeon)
 11235 | Orc:1    | Entered Level 1 of the Orcish Mines
 11242 | Orc:1    | Noticed an orc knight
 11247 | D:11     | Reached ****** piety under Okawaru
 11530 | D:11     | Received a gift from Okawaru
 11537 | D:11     | Got a warped lajatang {god gift}
 11548 | D:11     | Identified the +3 lajatang "Lisun" {flame, *Slow +Fly rElec Int+4} (Okawaru gifted it to you on level 11 of the Dungeon)
 11726 | D:11     | Killed an orc knight
 11776 | Orc:1    | Reached XP level 12. HP: 103/103 MP: 15/15
 11897 | Orc:1    | Found Bizythil's Antique Armour Boutique.
 12045 | Orc:1    | Bought a pair of embroidered boots for 270 gold pieces
 12255 | Orc:2    | Entered Level 2 of the Orcish Mines
 12275 | Orc:2    | Noticed Erolcha
 12299 | Orc:2    | Killed Erolcha
 12299 | Orc:2    | Reached skill level 10 in Armour
 12414 | Orc:2    | Found a staircase to the Elven Halls.
 12701 | Orc:2    | Found Ikhyefer's General Store.
 12712 | Orc:2    | Reached skill level 14 in Axes
 12712 | Orc:2    | Reached skill level 10 in Dodging
 12714 | Orc:2    | Found Baappoaxt's Food Emporium.
 12717 | Orc:2    | Received a gift from Okawaru
 12761 | Orc:2    | Reached skill level 10 in Shields
 13038 | Orc:2    | Noticed an orc high priest
 13859 | Orc:2    | Killed an orc high priest
 13859 | Orc:2    | Reached skill level 10 in Fighting
 13868 | Orc:2    | Paralysed by an orc sorcerer for 5 turns
 13877 | Orc:2    | Reached XP level 13. HP: 36/113 MP: 5/17
 14399 | Orc:2    | Reached skill level 15 in Axes
 14454 | Orc:2    | Found Fuavosocont's Book Shop.
 14454 | Orc:2    | Found a one-way gate leading to the halls of Pandemonium.
 14454 | Orc:2    | Found Naetyth's Antique Weapon Boutique.
 14720 | Lair:1   | Entered Level 1 of the Lair of Beasts
 14730 | Lair:1   | Received a gift from Okawaru
 15777 | Lair:2   | Noticed Gastronok
 15797 | Lair:2   | Killed Gastronok
 15797 | Lair:2   | Reached skill level 1 in Staves
 16109 | Lair:2   | Found a dark tunnel.
 17277 | Lair:3   | Found a staircase to the Shoals.
 17835 | Lair:4   | Found a staircase to the Snake Pit.
 17845 | Lair:4   | Reached skill level 16 in Axes
 17970 | Lair:4   | Received a gift from Okawaru
 17970 | Lair:4   | Reached XP level 14. HP: 33/124 MP: 6/19
 18431 | Lair:4   | Noticed Kirke
 18432 | Lair:4   | Noticed Josephine
 18449 | Lair:4   | Killed Josephine
 18452 | Lair:4   | Killed Kirke
 19740 | Lair:6   | Entered Level 6 of the Lair of Beasts
 19775 | Lair:6   | Found a runed door.
 19849 | Lair:6   | Paralysed by a hornet for 3 turns
 19882 | Lair:6   | Paralysed by a hornet for 2 turns
 20470 | Lair:6   | Found a staircase to the Slime Pits.
 20505 | Lair:6   | Received a gift from Okawaru
 21458 | Shoals:1 | Entered Level 1 of the Shoals
 21480 | Shoals:1 | Reached skill level 17 in Axes
 21794 | Shoals:1 | Reached XP level 15. HP: 67/134 MP: 6/20
 22110 | Shoals:1 | Received a gift from Okawaru
 22120 | Shoals:1 | Got a pitted hand axe {god gift}
 22134 | Shoals:1 | Identified the +7 hand axe "Gerookh" {drain, Int+3} (Okawaru gifted it to you on level 1 of the Shoals)
 22733 | Shoals:1 | Noticed a kraken
 22740 | Shoals:1 | Killed a kraken
 23176 | Shoals:2 | Received a gift from Okawaru
 23188 | Shoals:2 | Got a pitted war axe {god gift}
 23192 | Shoals:2 | Identified the +11 war axe "Qeffestron" {venom, Str+3 Dex+4} (Okawaru gifted it to you on level 2 of the Shoals)
 23715 | Shoals:2 | Noticed a kraken
 23722 | Shoals:2 | Killed a kraken
 24230 | Shoals:2 | HP: 6/135 [snapping turtle (8)]
 24737 | Shoals:2 | Received a gift from Okawaru
 25439 | Shoals:3 | Got a shimmering granite ring
 25482 | Shoals:3 | Received a gift from Okawaru
 25485 | Shoals:3 | Got an iridescent lajatang {god gift}
 26401 | Shoals:3 | Reached skill level 18 in Axes
 26783 | Shoals:4 | Entered Level 4 of the Shoals
 27007 | Shoals:4 | Received a gift from Okawaru
 27020 | Shoals:4 | Noticed Ilsuiw
 27061 | Shoals:4 | Reached XP level 16. HP: 22/145 MP: 5/21
 27068 | Shoals:4 | HP: 5/145 [something (3)]
 27076 | Shoals:4 | HP: 7/217 [snapping turtle (9)]
 27079 | Shoals:4 | Slain by a snapping turtle

Skill      XL: |  1  2  3  4  5  6  7  8  9 10 11 12 13 14 15 |
---------------+----------------------------------------------+-----
Shields        | 4 5 6 7 8 9 10 11 12 14 | 14.0
Axes           | 3 4 5 7 9 11 12 13 14 16 17 18 | 18.0
Fighting       | 4 5 6 7 8 10 11 12 13 | 13.8
Dodging        | 1 2 3 4 5 7 8 9 10 11 12 13 | 13.8
Armour         | 4 5 6 8 9 10 11 12 | 12.2
Invocations    | 3 5 7 8 |  8.1
Staves         | 1 4 |  4.0

Action                   |  1- 3 |  4- 6 |  7- 9 | 10-12 | 13-15 | 16-18 || total
-------------------------+-------+-------+-------+-------+-------+-------++-------
Melee: War axe           |    66 |    53 |    79 |   617 |   544 |     6 ||  1365
       Headbutt          |     9 |    18 |    39 |   138 |   216 |     2 ||   422
       Hand axe          |       |    66 |   127 |       |    41 |       ||   234
       Lajatang          |       |       |       |       |    31 |       ||    31
       Broad axe         |       |       |       |       |   346 |       ||   346
Invok: Heroism           |       |       |     1 |    10 |     5 |       ||    16
       Finesse           |       |       |       |       |     5 |       ||     5
Evoke: Wand              |       |       |       |       |     1 |     1 ||     2
  Use: Potion            |       |       |     5 |     7 |     3 |     6 ||    21
       Scroll            |       |       |    12 |     5 |    17 |       ||    34
  Eat: Chunk             |       |     6 |    11 |    18 |    28 |       ||    63
       Ration            |       |       |     1 |     1 |     4 |       ||     6
Armor: Scale mail        |    33 |    41 |    39 |       |   218 |       ||   331
       Chain mail        |       |       |    16 |   158 |    29 |       ||   203
       Skin              |       |       |       |       |       |     7 ||     7
Dodge: Dodged            |    36 |    62 |    80 |   334 |   538 |     2 ||  1052
Block: Shield            |    37 |    57 |    95 |   428 |   627 |     7 ||  1251
